AoeStats
← [KMNB] Bandeira

Arabia

507295263Analyzed
2v2 RM · 16d ago on Sep 17, 2026· 25m 21s· 4 players
Game mode
Random Map
Map size
Medium (4 player)
Population
200
Speed
Normal
Resources
Standard
Victory
Conquest
Starting age
Dark Age
Ending age
Imperial Age
RankedLock teamsTeams togetherTeam positionsShared explorationLock speedFull tech treeHidden civsTurbo modeCheats
Victory
Defeat
🇷🇴 Franks · Romania
1615
+14
🇵🇪 Maya · Peru
1443
+20
🇧🇷 Ethiopians · Brazil
1579
-18
🇧🇷 Magyars · Brazil
1526
-16
[KMNB] Bandeira
6:50 Loom
9:17 Feudal Age
9:47 Double-Bit Axe
17:27 Scale Barding Armor
22:48 Castle Age
21:34 Bloodlines
22:32 Gold Mining
Fs.Khronos
5:09 Loom
9:50 Feudal Age
10:17 Double-Bit Axe
14:02 Fletching
23:59 Castle Age
23:11 Gold Mining
23:02 Horse Collar
23:58 Padded Archer Armor
24:34 Bodkin Arrow
24:00 Crossbowman
24:55 Bow Saw
TVHG.Phraymus
0:26 Loom
9:51 Feudal Age
10:33 Double-Bit Axe
12:14 Fletching
17:00 Padded Archer Armor
25:32 Castle Age
23:36 Gold Mining
Kirtap
6:33 Loom
8:51 Feudal Age
9:27 Double-Bit Axe
15:10 Forging
20:50 Castle Age
20:18 Scale Barding Armor
21:55 Chain Barding Armor
21:46 Bow Saw
21:58 Husbandry
Connection lost

Rejoining the realm…

Still unreachable

The connection could not be restored.

Session expired

The server has moved on; the page needs a fresh start.